 Dungeon Crawl Stone Soup version 0.26-a0-154-g3d63440f56 (console) character file.

Game seed: 9199677957661888245

14 semitonal the Firebug (level 2, -2/19 HPs)
             Began as a Demonspawn Fire Elementalist on July 2, 2020.
             Killed from afar by a white imp (4 damage)
             ... with a puff of frost
             ... summoned by Natasha
             ... on level 2 of the Dungeon.
             The game lasted 00:01:49 (1075 turns).

semitonal the Firebug (DsFE)                        Turns: 1075, Time: 00:01:50

Health: -2/19      AC:  2    Str:  8    XL:     2   Next: 31%
Magic:  0/5        EV: 12    Int: 16    God:
Gold:   51         SH:  0    Dex: 13    Spells: 4/5 levels left

rFire    . . .     SeeInvis .   a - +0 mace
rCold    . . .     Faith    .   (no shield)
rNeg     . . .     Spirit   .   d - +0 robe
rPois    .         Reflect  .   (no helmet)
rElec    .         Harm     .   (no cloak)
rCorr    .                      (no gloves)
MR       .....                  (no boots)
Stlth    ++........             (no amulet)
HPRegen  0.06/turn              (no ring)
MPRegen  0.09/turn              (no ring)

@: no status effects
A: demonic guardian 1
a: no special abilities


You were on level 2 of the Dungeon.
You were hungry.

You visited 1 branch of the dungeon, and saw 2 of its levels.

You collected 51 gold pieces.


Innate Abilities, Weirdness & Mutations

A weak demonic guardian rushes to your aid.


   Skills:
 - Level 1.7 Dodging
 - Level 1.7 Stealth
 - Level 2.0 Spellcasting
 + Level 1.8 Conjurations
 + Level 3.1 Fire Magic


You had 4 spell levels left.
You knew the following spells:

 Your Spells              Type           Power        Failure   Level  Hunger
z - Foxfire               Conj/Fire      #...         8%          1    #......

Your spell library contained the following spells:

 Spells                   Type           Power        Failure   Level  Hunger
 Conjure Flame            Conj/Fire      #.......     22%         3    ###....
 Inner Flame              Hex/Fire       #.......     32%         3    ###....
 Sticky Flame             Conj/Fire      #.......     58%         4    #####..
 Fireball                 Conj/Fire      #.........   91%         5    ######.

Inventory:

Hand Weapons
 a - a +0 mace (weapon)
Armour
 d - a +0 robe (worn)
Scrolls
 b - a scroll of blinking {unknown}
 f - a scroll of remove curse {unknown}
 h - 2 scrolls of identify {unknown}
 k - a scroll of noise {unknown}
Potions
 e - 2 potions of brilliance {unknown}
 g - 3 potions of haste {unknown}
 i - a potion of invisibility {unknown}
 j - a potion of heal wounds {unknown}
Comestibles
 c - 2 rations

Dungeon Overview and Level Annotations

Branches:
Dungeon (2/15)

Altars:

Annotations:
D:2 Natasha

▒.... .▒▒▒
▒.... ....
▒...▒ ..▒
▒..g▒▒▒..▒
▒.....5..▒▒▒▒
▒....5.......
▒....b..#.▒
▒....▒▒▒5.▒
▒▒.▒6..)..▒
▒.▒.▒▒▒>.....
▒.▒.. .▒▒▒▒
▒.▒▒▒▒ ▒ ▒.
▒. ▒.


You could see a crimson imp (summoned), 2 white imps, a goblin and a bat.


Message History

Natasha claws you.
You conjure some foxfire!
The foxfire hits Natasha.
Natasha is severely wounded.
The foxfire hits the bat.
The bat is severely wounded.
Natasha claws you. The white imp gestures at you. The puff of frost hits you!
* * * LOW HITPOINT WARNING * * *
The foxfire hits Natasha.
Natasha is severely wounded.
The bat hits you but does no damage.
Your quasit bites the white imp but does no damage.
Your quasit closely misses the white imp.
Your quasit barely misses the white imp.
The bat hits you but does no damage.
The white imp hits your quasit but does no damage.
Unknown command.
A goblin comes into view. It is wielding a +0 club.
The goblin shouts!
The bat hits you but does no damage.
Natasha casts a spell.
The crimson imp blinks!
Unknown command.
The white imp shouts, "Scamper away, thou paunchy half-faced baggage!"
The bat hits you but does no damage. The white imp gestures at you.
The puff of frost hits you.
You die...

Action                   || total
-------------------------++-------
Melee: Mace              ||     3
 Cast: Foxfire           ||    24
Armor: Robe              ||    11
Dodge: Dodged            ||    14

Levels and vault maps discovered:
D:1:      psy_arrival_heroes, layout_loops_ring
D:2:      layout_basic, uniq_crazy_yiuf_cottage, uniq_natasha, uniq_jessica

Notes
Turn   | Place    | Note
-------+----------+-------------------------------------------
     0 | D:1      | semitonal the Demonspawn Fire Elementalist began the quest
                  | for the Orb.
     0 | D:1      | Reached XP level 1. HP: 13/13 MP: 3/3
   436 | D:1      | Reached skill level 3 in Fire Magic
   583 | D:1      | Gained mutation: A weak demonic guardian rushes to your
                  | aid. [demonic ancestry]
   583 | D:1      | Reached XP level 2. HP: 7/19 MP: 3/5
  1062 | D:2      | Noticed Natasha
  1065 | D:2      | Noticed a crimson imp
  1075 | D:2      | Killed from afar by a white imp

Vanquished Creatures
  A dart slug (D:1)
  3 bats (D:1)
  2 giant cockroaches (D:1)
  2 goblins (D:1)
  A frilled lizard (D:1)
  A kobold (D:1)
10 creatures vanquished.

Vanquished Creatures (collateral kills)
  A goblin (D:2)
  A hobgoblin (D:2)
2 creatures vanquished.

Vanquished Creatures (others)
  32 foxfires
32 creatures vanquished.

Grand Total: 44 creatures vanquished
